 Dungeon Crawl Stone Soup version 0.32-a0-913-g739538afd8 (webtiles) character file.

Game seed: 1986578449866658091

46 Adrian566 the Slasher (level 3, -2/27 HPs)
             Began as a Demonspawn Gladiator on Apr 8, 2024.
             Slain by Terence
             ... wielding a +0 mace
              (5 damage)
             ... on level 2 of the Dungeon.
             The game lasted 00:00:36 (205 turns).

Adrian566 the Slasher (Demonspawn Gladiator)         Turns: 205, Time: 00:00:37

Health: -2/27      AC:  5    Str: 14    XL:     3   Next: 44%
Magic:  3/3        EV: 11    Int:  8    God:
Gold:   13         SH:  0    Dex: 16    Spells: 2/2 levels left

rFire   . . .        a - +0 long sword
rCold   . . .        (no shield)
rNeg    . . .        b - +0 leather armour
rPois   .            c - +0 helmet
rElec   .            (no cloak)
rCorr   .            (no gloves)
SInv    .            (no boots)
Will    .....        (no amulet)
Stlth   +            (no ring)
HPRegen 0.24/turn    (no ring)
MPRegen 0.08/turn

%: no passive effects
@: no status effects
A: claws 1, sharp scales 1
a: no special abilities


You were on level 2 of the Dungeon.
You visited 1 branch of the dungeon, and saw 2 of its levels.

You collected 13 gold pieces.

Inventory:

Hand Weapons
 a - a +0 long sword (weapon)
Missiles
 d - 3 throwing nets (quivered)
 e - a javelin
Armour
 b - a +0 leather armour (worn)
 c - a +0 helmet (worn)


   Skills:
 + Level 2.2 Fighting
 + Level 3.5 Long Blades
 + Level 1.8 Throwing
 + Level 0.2 Armour
 + Level 3.1 Dodging
 + Level 0.1 Stealth


You had 2 spell levels left.
You didn't know any spells.
Your spell library contained the following spells:

 Spells                   Type           Power      Damage    Failure   Level
 Static Discharge         Conj/Air       0%         3-3/arc   63%         2
 Airstrike                Air            0%         2d(0-16)  99%         4
 Summon Lightning Spire   Summ/Air       0%         N/A       99%         4


Dungeon Overview and Level Annotations

Branches:
Dungeon (2/15)

Altars:
Hepliaklqana

Shops:
D:2 ((

Annotations:
D:2 Terence


Innate Abilities, Weirdness & Mutations

You have sharp fingernails.
You are partially covered in razor-sharp scales. (AC +1, Slay +1)


Message History

Your fingernails lengthen.
You hit the goblin.
The goblin is moderately wounded.
The goblin hits you but does no damage.
You hit the goblin.
You kill the goblin!
A bat comes into view.
The bat moves out of view.
Items here: )) [ ††.
A hobgoblin comes into view.
Items here: )) [ ††.
A hobgoblin is nearby!
Okay, then.
You are too injured to fight recklessly!
Terence the Incautious comes into view.
He is wielding a +0 mace.
The hobgoblin hits you but does no damage.
Terence hits you with a +0 mace.
* * * LOW HITPOINT WARNING * * *
Unknown command.
Terence attacks as he pursues you! Terence closely misses you.
The hobgoblin misses you.
Items here: )) [ ††.
You slash the hobgoblin!
You kill the hobgoblin!
You hit Terence.
Terence is lightly wounded.
Terence hits you with a +0 mace.
* * * LOW HITPOINT WARNING * * *
You hit Terence.
Terence is moderately wounded.
Terence hits you with a +0 mace.
* * * LOW HITPOINT WARNING * * *
You hit Terence.
Terence is heavily wounded.
Terence closely misses you.
You hit Terence.
Terence is severely wounded.
Terence closely misses you. Terence hits you with a +0 mace.
You die...
Terence says, "Time to find some more victims."

#.............
#.#)########.#
##.#.# #.#
####....# ##.#
#.......# #...
#.##...## ##.#
#.###.## ###
#.# #.#### #@#
#.... #@# #...
#.###.##[#
#..#...#.##
#..........
#......#.#
#.._...#
#.........#
#...........


You could see Terence.

Vanquished Creatures
  Jessica (D:2)
  An adder (D:2)
  An endoplasm (D:2)
  2 giant cockroaches (D:2)
  2 hobgoblins (D:2)
  A quokka (D:2)
  A ball python (D:2)
  A goblin (D:2)
  A kobold (D:2)
11 creatures vanquished.

Notes
Turn   | Place    | Note
-------+----------+-------------------------------------------
     0 | D:1      | Adrian566 the Demonspawn Gladiator began the quest for the
                  | Orb.
     0 | D:1      | Reached XP level 1. HP: 16/16 MP: 1/1
    11 | D:1      | You fall into a shaft and drop 1 floor!
    13 | D:2      | Found Qaquc's Weapon Emporium.
   152 | D:2      | Found a hazy altar of Hepliaklqana.
   155 | D:2      | Found Lumunus's Antique Weapon Boutique.
   160 | D:2      | Noticed Jessica
   175 | D:2      | Gained mutation: You are partially covered in razor-sharp
                  | scales. (AC +1, Slay +1) [demonic ancestry]
   175 | D:2      | Reached XP level 2. HP: 7/22 MP: 2/2
   186 | D:2      | Killed Jessica
   187 | D:2      | Gained mutation: You have sharp fingernails. [demonic
                  | ancestry]
   187 | D:2      | Reached XP level 3. HP: 5/27 MP: 3/3
   192 | D:2      | Noticed Terence
   205 | D:2      | Slain by Terence

Illustrated notes

Levels and vault maps discovered:
D:1:      ncdulo_halloftheorcs, layout_basic, basic_ecumenical_altar
D:2:      layout_loops_ring, basic_altar, serial_shops, nicolae_shop_crystal,
          nicolae_shop_crystal, nicolae_shop_tiny_glass, shop, minmay_distorted,
          uniq_jessica, uniq_terence

Skill      XL: |  1  2 |
---------------+-------+-----
Long Blades    | 3 |  3.5
Dodging        | 3 |  3.1
Fighting       | |  2.2
Throwing       | |  1.8
Armour         | |  0.2
Stealth        | |  0.1

Action                     || total
---------------------------++-------
  Melee: Long sword        ||    40
    Use: Scroll            ||     2
   Stab: Sleeping          ||     1
 Armour: Leather armour    ||    33
  Dodge: Dodged            ||    37

Table legend: (Time is in decaauts)
 A = Elapsed time spent in this place.
 B = Non-inter-level travel time spent in this place.
 C = Inter-level travel time spent in this place.
 D = Time resting spent in this place.
 E = Time spent auto-exploring this place.
 F = Levels seen in this place.
 G = Mean time per level.
                   A        B        C        D        E       F      G
               +--------+--------+--------+--------+--------+-----+--------+
         Total |    214 |    214 |      0 |      0 |    113 |   2 |  107.0 |
       Dungeon |    214 |    214 |      0 |      0 |    113 |   2 |  107.0 |
               +--------+--------+--------+--------+--------+-----+--------+

Top non-repeatable levels by time:
     D:2: 203 daAuts
     D:1: 11 daAuts
